 Dungeon Crawl Stone Soup version 0.30.0 (webtiles) character file.

Game seed: 2119519910857771542

511 pablito the Insei (level 7, -3/46 HPs)
             Began as an Octopode Transmuter on May 5, 2023.
             Was an Initiate of Wu Jian.
             Succumbed to croobank's ghost's poison
             ... on level 4 of the Dungeon.
             The game lasted 00:23:09 (3990 turns).

pablito the Insei (Octopode Transmuter)             Turns: 3990, Time: 00:23:09

Health: -3/46      AC:  0    Str:  9    XL:     7   Next: 19%
Magic:  9/10       EV: 21    Int: 16    God:    Wu Jian [......]
Gold:   204        SH:  0    Dex: 19    Spells: 3/10 levels left

rFire   . .          .
                       - Unarmed
rCold   . . .        (shield currently unavailable)
rNeg    . . .        (helmet currently unavailable)
rPois   .            (no amulet)
rElec   .            l - melded ring of positive energy
rCorr   .            (ring currently unavailable)
SInv    .            (ring currently unavailable)
Will    .....        (ring currently unavailable)
Stlth   ++           (ring currently unavailable)
HPRegen 0.27/turn    (ring currently unavailable)
MPRegen 0.12/turn    (ring currently unavailable)
                     (ring currently unavailable)

%: no passive effects
@: mighty, lethally poisoned (-3 -> -33), bat-form, flying, hasted, very quick
A: fast, flying, no casting, almost no armour, (amphibious), (8 rings), tiny,
(camouflage 1), (gelatinous body 1), (nimble swimmer 1), (tentacles)
a: Renounce Religion


You were on level 4 of the Dungeon.
You worshipped Wu Jian.
Wu Jian was noncommittal.
You were a bat.
You visited 2 branches of the dungeon, and saw 5 of its levels.

You collected 204 gold pieces.

Inventory:

Magical Staves
 g - a staff of earth
 h - a staff of death
Jewellery
 l - a ring of positive energy (melded)
Wands
 v - a wand of polymorph (12)
Scrolls
 e - a scroll of enchant armour
 i - a scroll of teleportation {unknown}
 m - a scroll of silence
 o - a scroll of fog {unknown}
 p - a scroll of fear {unknown}
 q - 2 scrolls of vulnerability {unknown}
 s - a scroll of immolation {unknown}
 t - a scroll of amnesia {unknown}
Potions
 a - a potion of lignification
 b - a potion of magic
 f - 4 potions of attraction
 j - a potion of might
 k - 2 potions of invisibility
 n - a potion of flight
 r - a potion of berserk rage {unknown}
 u - a potion of curing {unknown}


   Skills:
 - Level 3.0 Fighting
 - Level 3.9 Dodging
 + Level 1.9 Stealth
 + Level 4.6 Unarmed Combat
 + Level 2.4 Spellcasting
 + Level 4.0 Transmutations
 + Level 0.8 Ice Magic


You had 3 spell levels left.
You knew the following spells:

 Your Spells              Type           Power      Damage    Failure   Level
a - Beastly Appendage     Tmut           28%        N/A       3%          1
b - Wereblood             Tmut           14%        N/A       5%          2
c - Ice Form              Ice/Tmut       9%         N/A       58%         4

Your spell library contained the following spells:

 Spells                   Type           Power      Damage    Failure   Level
 Apportation              Tloc           2%         N/A       21%         1
 Necrotise                Necr           4%         1d4       21%         1
 Summon Small Mammal      Summ           4%         N/A       21%         1
 Spider Form              Tmut/Pois      8%         N/A       26%         3
 Ozocubu's Armour         Ice            4%         N/A       38%         3
 Ozocubu's Refrigeration  Ice            2%         4d7       100%        7


Dungeon Overview and Level Annotations

Branches:
Dungeon (4/15)             Temple (1/1) D:4

Altars:
Ashenzari
Cheibriados
Dithmenos
Elyvilon
Hepliaklqana
Kikubaaqudgha
Makhleb
Sif Muna
Trog
Uskayaw
Vehumet
Wu Jian
Yredelemnul
Zin

Annotations:
D:4 Natasha; croobank's ghost, amateur DsFE


Innate Abilities, Weirdness & Mutations

You are a bat.
You are tiny and dextrous.
You move quickly.
You are flying.
Your equipment is almost entirely melded.
You are incapable of wielding weapons or throwing items.
You cannot cast spells.
You cannot wear most types of armour.
((You are amphibious.))
((You can wear up to eight rings at the same time.))
((Your skin changes colour to match your surroundings (Stealth+).))
((Your rubbery body absorbs attacks. (AC +1, EV +1)))
((You are camouflaged when in or above water. (Stealth+)))
((You have tentacles for arms and can constrict up to eight enemies at once.))


Message History

Croobank's ghost whispers, "They're coming for you..."
Found a stone and 3 large rocks.
Natasha, Servant of Life and Death comes into view.
She is carrying a wand of polymorph (9).
You open the gate.
Casting: Beastly Appendage (safe; 3% risk of failure)
Confirm with . or Enter, or press ? or * to list all spells.
One of your tentacles grows a vicious spike.
Croobank's ghost hits you.
You are poisoned.
You tentacle-slap croobank's ghost.
Your tentacle-slap misses croobank's ghost.
Croobank's ghost is lightly damaged.
You feel very sick. Croobank's ghost hits you.
You are more poisoned.
You bludgeon croobank's ghost! Your squeeze misses croobank's ghost.
Croobank's ghost is lightly damaged.
You feel very sick.
Natasha hisses angrily.
Natasha zaps a wand.
You resist with some effort. Croobank's ghost hits you.
You are lethally poisoned!
You tentacle-slap croobank's ghost.
You pierce croobank's ghost.
Croobank's ghost is heavily damaged.
You feel extremely sick.
Natasha zaps a wand.
Your tentacle spike disappears.
You turn into a bat.
Your ring of positive energy melds into your body.
Croobank's ghost hits you.
You are more poisoned.
You are too injured to fight recklessly!
You feel yourself speed up.
* * * LOW HITPOINT WARNING * * *
You feel extremely sick. Croobank's ghost completely misses you.
* * * LOW HITPOINT WARNING * * *
You feel very sick.
It was a potion of might.
You feel very mighty all of a sudden.
You die...

# ###..# ##.###..#
###....###.## ##.# ...........#
#.# #.........## #.# .
#...####### #.# h# #..## ##.#
..# ...# #####.<###.... ...#
#............. ...#
#.....b......# ...#
#..##.......### ..## #.
###W''### ..## #...#.(....(#
...# #..#....(..#
...########..#..(....# #####
..........#..#.....8(####...##
...#####..##.#.(.(...#...##..##
..)##
##..#.#########..#####.###


You could see croobank's ghost.

Vanquished Creatures
  Sigmund (D:2)
  3 orc priests (D:4)
  An orc wizard (D:4)
  An iguana (D:4)
  Robin (D:3)
  10 adders
  A worm (D:2)
  2 dart slugs (D:2)
  6 orcs (D:4)
  3 bats
  11 endoplasms
  5 giant cockroaches
  3 hobgoblins
  4 jackals (D:4)
  7 ball pythons
  7 frilled lizards
  17 goblins
  8 kobolds
  8 rats
99 creatures vanquished.

Notes
Turn   | Place    | Note
-------+----------+-------------------------------------------
     0 | D:1      | pablito the Octopode Transmuter began the quest for the
                  | Orb.
     0 | D:1      | Reached XP level 1. HP: 13/13 MP: 3/3
   103 | D:1      | Reached XP level 2. HP: 18/18 MP: 3/5
   405 | D:1      | Learned a level 2 spell: Wereblood
   699 | D:1      | You fall into a shaft and drop 1 floor!
   949 | D:2      | Reached XP level 3. HP: 15/23 MP: 6/6
  1175 | D:2      | Reached XP level 4. HP: 28/28 MP: 7/7
  1322 | D:2      | Noticed Sigmund
  1329 | D:2      | Killed Sigmund
  1330 | D:2      | Reached XP level 5. HP: 35/35 MP: 6/8
  1330 | D:2      | Reached XP level 6. HP: 41/41 MP: 6/9
  2020 | D:3      | Noticed Robin
  2036 | D:3      | Killed Robin
  2666 | D:4      | Reached skill level 1 in Stealth
  3094 | D:4      | Learned a level 4 spell: Ice Form
  3269 | D:4      | Reached XP level 7. HP: 32/46 MP: 8/10
  3404 | D:4      | Found a staircase to the Ecumenical Temple.
  3417 | Temple   | Entered the Ecumenical Temple
  3442 | Temple   | Became a worshipper of the Wu Jian Council
  3976 | D:4      | Found a runed translucent gate.
  3976 | D:4      | Found a runed translucent gate.
  3976 | D:4      | Found a runed translucent gate.
  3978 | D:4      | Noticed croobank's ghost (amateur DsFE)
  3982 | D:4      | Noticed Natasha
  3989 | D:4      | HP: 1/46 [poisoned by croobank's ghost]
  3990 | D:4      | Succumbed to croobank's ghost's poison

Illustrated notes

Levels and vault maps discovered:
D:1:      mainiacjoe_arrival_reflecting_pool, layout_basic
D:2:      layout_basic, minmay_domino_2, uniq_sigmund
D:3:      layout_loops_ring, uniq_robin
D:4:      layout_layer_cave, minmay_temple_entry_proselytizer,
          ebering_ghost_rock_garden, uniq_natasha
Temple:   nicolae_temple_superstar

Skill      XL: |  1  2  3  4  5  6  7 |
---------------+----------------------+-----
Fighting       | 2 3 |  3.0
Dodging        | 3 |  3.9
Unarmed Combat | 4 |  4.6
Transmutations | 3 4 |  4.0
Stealth        | 1 |  1.9
Spellcasting   | |  2.4
Ice Magic      | |  0.8

Action                     |  1- 3 |  4- 6 |  7- 9 || total
---------------------------+-------+-------+-------++-------
  Melee: Unarmed           |    61 |   113 |    16 ||   190
         Tentacles         |    14 |    24 |     3 ||    41
         Constrict         |    18 |    29 |     6 ||    53
         Kick              |    12 |    21 |     5 ||    38
         Punch             |     2 |     4 |       ||     6
   Cast: Beastly Appendage |    13 |    15 |     3 ||    31
         Wereblood         |       |     4 |       ||     4
Ability: Lunge             |       |       |     1 ||     1
    Use: Scroll            |       |     7 |       ||     7
         Potion            |       |     1 |     2 ||     3
   Stab: Sleeping          |     2 |     6 |     3 ||    11
 Armour: Skin              |     4 |     5 |       ||     9
  Dodge: Dodged            |    28 |    57 |     6 ||    91
